 Dungeon Crawl Stone Soup version 0.24.0-37-gcf1ca852f1 (webtiles) character file.

Game seed: 4263397958203995831, levelgen mode: deterministic

3661 Gruesph the Thaumaturge (level 9, -16/45 HPs)
             Began as a Deep Elf Fire Elementalist on Nov 27, 2019.
             Was a Believer of Sif Muna.
             Killed by the air
             ... invoked by Gastronok
              (41 damage)
             ... on level 8 of the Dungeon.
             The game lasted 00:42:32 (9860 turns).

Gruesph the Thaumaturge (DEFE)                      Turns: 9860, Time: 00:42:33

Health: -16/45     AC:  7    Str:  5    XL:     9   Next: 89%
Magic:  23/25      EV: 12    Int: 24    God:    Sif Muna [**....]
Gold:   278        SH:  0    Dex: 15    Spells: 11/28 levels left

rFire    . . .     SeeInvis +   a - +1 dagger
rCold    . . .     Gourm    .   (no shield)
rNeg     . . .     Faith    .   A - +1 leather armour {rPois}
rPois    +         Spirit   .   (no helmet)
rElec    .         Reflect  .   x - +2 cloak
rCorr    .         Harm     .   (no gloves)
MR       +....                  (no boots)
Stlth    ++........             y - amulet of rage
HPRegen  0.15/turn              m - ring of protection from magic
MPRegen  0.19/turn              w - ring of see invisible

@: lethally poisoned (-16 -> -22)
A: no striking features
a: Channel Magic, Renounce Religion, Evoke Berserk Rage


You were on level 8 of the Dungeon.
You worshipped Sif Muna.
Sif Muna was pleased with you.
You were not hungry.

You visited 2 branches of the dungeon, and saw 9 of its levels.
You also visited: Sewer.

You collected 432 gold pieces.
You spent 154 gold pieces at shops.

Inventory:

Hand Weapons
 a - a +1 dagger (weapon)
Missiles
 d - 42 poisoned darts (quivered)
 k - 109 stones
 z - 41 sling bullets
Armour
 x - a +2 cloak (worn)
 A - a +1 leather armour of poison resistance (worn)
Jewellery
 l - an uncursed ring of protection from cold
 m - a ring of protection from magic (left hand)
 w - a ring of see invisible (right hand)
 y - an amulet of rage (around neck)
 J - an uncursed ring of wizardry
Wands
 p - a wand of acid (14)
 C - a wand of digging (11)
 D - a wand of paralysis (15)
 E - a wand of polymorph (6)
Scrolls
 b - 6 scrolls of teleportation
 g - a scroll of enchant weapon
 i - a scroll of identify
 j - 2 scrolls of immolation
 r - 4 scrolls of remove curse
 G - a scroll of amnesia
Potions
 c - 4 potions of curing
 e - 4 potions of haste
 h - a potion of heal wounds
 n - a potion of cancellation
 o - a potion of brilliance {unknown}
 s - 3 potions of flight
 t - a potion of invisibility {unknown}
 u - 2 potions of resistance
 v - a potion of mutation {unknown}
 B - a potion of agility {unknown}
 F - a potion of degeneration {unknown}
 H - a potion of ambrosia {unknown}
 I - a potion of might {unknown}
Comestibles
 f - 19 rations


   Skills:
 - Level 2.4 Dodging
 - Level 2.4 Stealth
 - Level 10.0 Spellcasting
 + Level 8.4 Conjurations
 + Level 2.9 Charms
 + Level 9.1 Fire Magic
 + Level 5.4 Invocations


You had 11 spell levels left.
You knew the following spells:

 Your Spells              Type           Power        Failure   Level  Hunger
a - Throw Flame           Conj/Fire      ######       1%          2    None
b - Conjure Flame         Conj/Fire      ######..     1%          3    None
c - Sticky Flame          Conj/Fire      ######..     2%          4    #......
d - Fireball              Conj/Fire      ######....   7%          5    ####...
o - Ozocubu's Armour      Chrm/Ice       ###.....     14%         3    None

Your spell library contained the following spells:

 Spells                   Type           Power        Failure   Level  Hunger
 Flame Tongue             Conj/Fire      #####        1%          1    None
 Throw Frost              Conj/Ice       ####..       2%          2    None
 Inner Flame              Hex/Fire       ####....     4%          3    None
 Freeze                   Ice            ##..         9%          1    None
 Throw Icicle             Conj/Ice       ####....     16%         4    #......
 Summon Ice Beast         Ice/Summ       ##......     65%         4    #......


Dungeon Overview and Level Annotations

Branches:
Dungeon (8/15)             Temple (1/1) D:7           Sewer (visited)
   Lair: D:8-11

Altars:
Ashenzari
Cheibriados
Dithmenos
Elyvilon
Fedhas
Gozag
Hepliaklqana
Kikubaaqudgha
Makhleb
Nemelex Xobeh
Okawaru
Qazlal
Sif Muna
Trog
Uskayaw
Vehumet
Wu Jian
Xom
Yredelemnul
Zin
The Shining One
Beogh

Shops:
D:5 [   D:7 *

Annotations:
D:8 Gastronok


Message History

The air twists around and strikes you!!
Ouch! That really hurt!
* * * LOW HITPOINT WARNING * * *
You feel much better.
The kobold throws a poisoned dart.
The poisoned dart barely misses you.
Evoke which item? (* to show all) (? for menu, Esc to quit)
Aiming: Corrosive Bolt
Press: ? - help, Shift-Dir - straight line, f - Gastronok
Aim: Gastronok, wearing a +0 hat of magic resistance (lightly wounded)
The bolt of acid hits Gastronok.
Gastronok is splashed with acid.
The acid corrodes Gastronok!
Gastronok is lightly wounded.
The kobold throws a poisoned dart.
The poisoned dart hits you!
You are poisoned.
A kobold comes into view. It is wielding a +0 short sword.
Gastronok gurgles, "You're how I like my food.
Fast!"
Gastronok waves his eye-stalks in wide circles.
The air twists around and strikes you!!!
Ouch! That really hurt!
You die...

#.# # ###. #.##### ?..
#.##.<. #.K ######.##..#
.####.K .[..........#
.......#############.###
##....(w.............#
#........##.##########
#(.@# #.# #≈≈...≈≈#[#
#≈..♣..≈#.#
#.......(...# #...♣
_.♣...# ##.. ......?# ##
.♣..≈#.# ≈...≈≈#.#
...###.#


You could see Gastronok and 2 kobolds.

Vanquished Creatures
  Pikel (D:4)
  3 hippogriffs
  Edmund (D:6)
  5 orc warriors
  2 sky beasts
  2 ogres
  A centaur (D:5)
  A big kobold (Sewer)
  3 bullfrogs
  An elf skeleton (D:7)
  A scorpion (D:4)
  5 wights
  3 killer bees (D:7)
  A howler monkey (D:6)
  A crimson imp (D:7)
  An orc priest (D:8)
  A hound (D:4)
  4 orc wizards
  A human zombie (D:7)
  A bullfrog skeleton (D:4)
  An iron imp (D:4)
  3 human skeletons (D:7)
  4 iguanas
  3 worker ants
  A hound zombie (D:5)
  A hound skeleton (D:4)
  A worker ant zombie (D:6)
  5 adders
  9 gnolls
  An ooze (D:3)
  2 adder skeletons
  2 worms
  A dart slug (D:2)
  7 leopard geckos
  31 orcs
  A ball python (D:3)
  3 giant cockroaches
  6 goblins
  5 hobgoblins
  17 jackals
  5 quokkas
  4 bats
  2 frilled lizards
  A goblin skeleton (D:5)
  7 kobolds
  A kobold skeleton (D:5)
  A leopard gecko skeleton (D:5)
  2 orc skeletons (D:5)
  3 orc zombies
  A quokka skeleton (D:4)
  13 rats
183 creatures vanquished.

Vanquished Creatures (others)
  A slave (D:4)
  A hound (D:4)
  A quokka (D:8)
3 creatures vanquished.

Grand Total: 186 creatures vanquished

Notes
Turn   | Place    | Note
-------+----------+-------------------------------------------
     0 | D:1      | Gruesph the Deep Elf Fire Elementalist began the quest for
                  | the Orb.
     0 | D:1      | Reached XP level 1. HP: 10/10 MP: 6/6
   356 | D:1      | Reached XP level 2. HP: 12/15 MP: 4/8
  1313 | D:2      | Reached XP level 3. HP: 11/19 MP: 5/10
  1318 | D:2      | Learned a level 3 spell: Conjure Flame
  1628 | D:2      | Found an ancient bone altar of Kikubaaqudgha.
  1837 | D:3      | Found an ornate altar of the Wu Jian Council.
  1837 | D:3      | Found a shadowy altar of Dithmenos.
  1929 | D:3      | Reached skill level 4 in Spellcasting
  2029 | D:3      | Reached XP level 4. HP: 22/24 MP: 8/12
  2036 | D:3      | Found a glowing drain.
  2172 | Sewer    | Entered a sewer
  2293 | Sewer    | Noticed a big kobold
  2303 | Sewer    | Killed a big kobold
  2303 | Sewer    | Reached XP level 5. HP: 27/28 MP: 10/14
  2437 | Sewer    | Found a glowing silver altar of Zin.
  2674 | D:3      | Learned a level 4 spell: Sticky Flame
  2879 | D:3      | Found a shimmering altar of Xom.
  3253 | D:4      | Reached skill level 5 in Spellcasting
  3448 | D:4      | Found a hazy altar of Hepliaklqana.
  3456 | D:4      | Reached skill level 5 in Fire Magic
  3589 | D:4      | Reached XP level 6. HP: 32/32 MP: 5/16
  3680 | D:4      | Noticed a slave
  3681 | D:4      | Noticed Pikel
  3681 | D:4      | Noticed a slave
  3681 | D:4      | Noticed a slave
  3684 | D:4      | Noticed a slave
  3754 | D:4      | Killed Pikel
  3754 | D:4      | Reached skill level 7 in Spellcasting
  3754 | D:4      | Reached skill level 5 in Conjurations
  3754 | D:4      | Reached XP level 7. HP: 7/36 MP: 10/19
  3761 | D:4      | Learned a level 5 spell: Fireball
  4574 | D:5      | Entered Level 5 of the Dungeon
  4586 | D:4      | Learned a level 2 spell: Throw Flame
  4600 | D:5      | Found Antoru's Armour Shoppe.
  4802 | D:5      | Reached XP level 8. HP: 41/41 MP: 12/21
  4918 | D:5      | Found a shimmering blue altar of Sif Muna.
  4932 | D:5      | Became a worshipper of Sif Muna the Loreminder
  5079 | D:4      | Reached skill level 8 in Spellcasting
  5100 | D:5      | Found a glowing golden altar of the Shining One.
  5420 | D:5      | Found a shattered altar of Ashenzari.
  5495 | D:5      | Found a snail-covered altar of Cheibriados.
  5807 | D:5      | Bought a +1 leather armour of poison resistance for 154
                  | gold pieces
  5855 | D:6      | Reached skill level 1 in Invocations
  6389 | D:6      | Noticed a hippogriff
  6396 | D:6      | Killed a hippogriff
  6396 | D:6      | Reached * piety under Sif Muna
  6679 | D:6      | Noticed Edmund
  6707 | D:6      | Killed Edmund
  6707 | D:6      | Reached skill level 9 in Spellcasting
  6707 | D:6      | Reached XP level 9. HP: 37/45 MP: 1/24
  7330 | D:6      | Found a glowing silver altar of Zin.
  7331 | D:6      | Noticed an angel
  8211 | D:7      | Reached skill level 10 in Spellcasting
  8467 | D:7      | Found a staircase to the Ecumenical Temple.
  8474 | Temple   | Entered the Ecumenical Temple
  8579 | D:7      | Learned a level 3 spell: Ozocubu's Armour
  8747 | D:7      | Found a radiant altar of Vehumet.
  8846 | D:7      | Found Ahyarok's General Store.
  8877 | D:7      | Reached skill level 5 in Invocations
  9214 | D:8      | Reached skill level 1 in Charms
  9655 | D:8      | Reached ** piety under Sif Muna
  9814 | D:8      | Found a roughly hewn altar of Beogh.
  9851 | D:8      | Noticed Gastronok
  9857 | D:8      | Found a white marble altar of Elyvilon.
  9858 | D:8      | HP: 2/45 [Gastronok/the air (24)]
  9860 | D:8      | Killed from afar by Gastronok

Levels and vault maps discovered:
D:1:      wander_arrival_peaceful_grave, layout_rooms
D:2:      layout_basic, kiku_gazebo_pond_becter
D:3:      layout_loops_cross, xom_teletrap_fun, minitemple,
          cheibrodos_sewer_entry_drain
D:4:      layout_cave_pods, kennysheep_little_box, uniq_pikel
D:5:      layout_rooms, nicolae_tso_besieged_by_evil, cheibrodos_worm_habitat,
          lemuel_crystal_altar, nicolae_overflow_hidden_temple, first_ration,
          serial_shops, nicolae_shop_waterfront
D:6:      layout_loops_ring, zin_angel, uniq_edmund
D:7:      layout_loops_ring, kennysheep_mini, minmay_temple_entry_offerings,
          nicolae_ossuary_entry_catacombs, serial_shops, shop,
          minmay_manual_maat
D:8:      layout_rooms, elyvilon_altar_4, lemuel_doored_altar, special_room
          [special_room_orc], serial_shops, nicolae_shop_stone,
          hangedman_ru_absence, uniq_gastronok
Temple:   kb_temple_of_zot

Skill      XL: |  1  2  3  4  5  6  7  8  9 |
---------------+----------------------------+-----
Conjurations   | 2 3 4 5 7 8 |  8.4
Spellcasting   | 4 5 7 9 10 | 10.0
Fire Magic     | 4 5 6 7 9 |  9.1
Invocations    | 3 5 |  5.4
Charms         | 2 |  2.9
Dodging        | |  2.4
Stealth        | |  2.4

Action                   |  1- 3 |  4- 6 |  7- 9 || total
-------------------------+-------+-------+-------++-------
Melee: Club              |     1 |       |       ||     1
       Dagger            |       |       |    96 ||    96
Throw: Stone             |     8 |    23 |     5 ||    36
       Dart              |       |     7 |    39 ||    46
 Cast: Flame Tongue      |    60 |    71 |    13 ||   144
       Conjure Flame     |       |     4 |    10 ||    14
       Throw Flame       |       |       |   175 ||   175
       Sticky Flame      |       |       |    27 ||    27
       Fireball          |       |       |     6 ||     6
       Ozocubu's Armour  |       |       |     2 ||     2
Evoke: Wand              |       |       |     3 ||     3
  Use: Scroll            |       |     5 |    10 ||    15
       Potion            |       |       |     2 ||     2
 Stab: Paralysed         |       |       |     3 ||     3
  Eat: Chunk             |     3 |     3 |     6 ||    12
       Ration            |       |     1 |     4 ||     5
Armor: Robe              |     1 |     4 |     1 ||     6
       Leather armour    |       |       |    45 ||    45
Dodge: Dodged            |     7 |     9 |    82 ||    98
